AoeStats
← Laza

Arabia

507864868Analyzed
2v2 RM · 13d ago on Sep 20, 2026· 21m 21s· 4 players
Game mode
Random Map
Map size
Medium (4 player)
Population
200
Speed
Normal
Resources
Standard
Victory
Conquest
Starting age
Dark Age
Ending age
Imperial Age
RankedLock teamsTeams togetherTeam positionsShared explorationLock speedFull tech treeHidden civsTurbo modeCheats
Victory
Defeat
🇧🇷 Bohemians · Brazil
862
+11
🇧🇷 Franks · Brazil
710
+16
🇦🇷 Khmer · Argentina
746
-14
🇦🇷 Franks · Argentina
725
-31
Rise
5:26 Loom
9:57 Feudal Age
12:02 Double-Bit Axe
15:35 Forging
16:35 Scale Barding Armor
LeoPerazzini
9:49 Feudal Age
17:33 Castle Age
18:06 Double-Bit Axe
DecidedDaisy376
2:51 Loom
11:54 Feudal Age
16:55 Castle Age
16:17 Double-Bit Axe
17:26 Pikeman
18:52 Husbandry
Laza
1:01 Loom
7:17 Feudal Age
Connection lost

Rejoining the realm…

Still unreachable

The connection could not be restored.

Session expired

The server has moved on; the page needs a fresh start.